 Dungeon Crawl Stone Soup version 0.20.0-15-g7f486f2 (webtiles) character file.

3616 miragecloak the Martial Artist (level 10, 0/67 HPs)
             Began as an Octopode Transmuter on June 12, 2017.
             Was a Follower of Ashenzari.
             Succumbed to a killer bee's poison
             ... on level 8 of the Dungeon.
             The game lasted 00:13:55 (9440 turns).

miragecloak the Martial Artist (OpTm)               Turns: 9440, Time: 00:13:56

Health: 0/67       AC:  6    Str: 12    XL:     10   Next: 11%
Magic:  12/17      EV: 12    Int: 17    God:    Ashenzari [*.....]
Gold:   296        SH:  0    Dex: 16    Spells: 11/19 levels left

rFire    x . .     SeeInvis .     - Unarmed
rCold    + + +     Gourm    .   (shield currently unavailable)
rNeg     . . .     Faith    .   (helmet currently unavailable)
rPois    +         Spirit   .   e - amulet of magic regeneration (curse)
rElec    .         Reflect  .   k - +4 ring of slaying (curse)
rCorr    .         Harm     .   w - ring of stealth (curse)
MR       .....     Rnd*Tele +   (no ring)
Stlth    ++........             (no ring)
Regen    0.3/turn               (no ring)
MPRegen  0.3/turn               (no ring)
                                (no ring)
                                (no ring)

@: lethally poisoned (0 -> -4), ice-form, very slightly contaminated
A: almost no armour, stealthy swim, amphibious, 8 rings, (constrict 8), clever
1, frail 1, strong 1, teleportitis 1
a: End Transformation, Curse Item, Scrying, Renounce Religion


You were on level 8 of the Dungeon.
You worshipped Ashenzari.
Ashenzari was aware of your devotion.
You were hungry.
You were a creature of crystalline ice.
You visited 2 branches of the dungeon, and saw 10 of its levels.

You collected 296 gold pieces.

Inventory:

Missiles
 a - 117 arrows
Jewellery
 e - a cursed amulet of magic regeneration (around neck)
 k - a cursed +4 ring of slaying (left front paw)
 w - a cursed ring of stealth (right front paw)
Wands
 i - a wand of acid (3/15)
 y - a wand of lightning (8/15)
 F - a wand of flame (31/48)
Scrolls
 h - a scroll of amnesia {unknown}
 l - a scroll of identify
 m - 2 scrolls of recharging {unknown}
 q - 2 scrolls of fear
 t - 4 scrolls of remove curse
 v - 2 scrolls of teleportation
 A - a scroll of enchant weapon {unknown}
 C - 2 scrolls of magic mapping {unknown}
 E - a scroll of immolation {unknown}
 G - a scroll of blinking {unknown}
Potions
 f - 3 potions of might
 n - 2 potions of berserk rage
 o - 3 potions of cancellation
 p - a potion of agility {unknown}
 r - a potion of heal wounds
 u - 2 potions of curing {unknown}
 z - a potion of haste
 B - a potion of mutation {unknown}
Books
 b - a book of Changes

   Spells                             Type                      Level
   a - Beastly Appendage              Transmutation                1
   b - Sticks to Snakes               Transmutation                2
   c - Spider Form                    Transmutation/Poison         3
   d - Ice Form                       Ice/Transmutation            4
   e - Blade Hands                    Transmutation                5
 j - a book of Minor Magic

   Spells                             Type                      Level
   a - Magic Dart                     Conjuration                  1
   b - Blink                          Translocation                2
   c - Call Imp                       Summoning                    2
   d - Slow                           Hexes                        2
   e - Conjure Flame                  Conjuration/Fire             3
   f - Mephitic Cloud                 Conjuration/Poison/Air       3
Comestibles
 c - 2 bread rations
 d - 12 fruits
 g - 5 meat rations
 s - 5 royal jellies
 x - 4 chunks of flesh


   Skills:
 - Level 3.2 Fighting
 - Level 4.2 Dodging
 - Level 9.0 Unarmed Combat
 - Level 5.0 Spellcasting
 * Level 7.9 Transmutations
 - Level 3.0 Ice Magic
 - Level 3.3 Poison Magic


You had 11 spell levels left.
You knew the following spells:

 Your Spells              Type           Power        Failure   Level  Hunger
a - Beastly Appendage     Tmut           ####..       1%          1    None
b - Spider Form           Tmut/Pois      ###.......   4%          3    ###....
c - Ice Form              Ice/Tmut       ###.....     14%         4    ####...


Dungeon Overview and Level Annotations

Branches:
Dungeon (9/15)             Temple (1/1) D:5
   Lair: D:8-11         Orc: D:9-12

Altars:
Ashenzari
Cheibriados
Dithmenos
Elyvilon
Fedhas
Gozag
Hepliaklqana
Makhleb
Nemelex Xobeh
Okawaru
Qazlal
Ru
Sif Muna
Trog
Xom
Zin
The Shining One


Innate Abilities, Weirdness & Mutations

You cannot wear most types of armour.
You are very stealthy in the water. (Stealth+)
You are amphibious.
You can wear up to eight rings at the same time.
((You can use your tentacles to constrict eight enemies at once.))
((Your skin changes colour to match your surroundings (Stealth+).))
((Your rubbery body absorbs attacks. (AC +1, EV +1)))
((You are partially covered in molten scales. (AC +2)))
Your mind is acute. (Int +2)
You are frail. (-10% HP)
Your muscles are strong. (Str +2)
You are occasionally teleported next to monsters.


Message History

The killer bee barely misses you.
You barely miss the killer bee. The killer bee stings you. x2
You pummel the killer bee!! You freeze the killer bee.
You kill the killer bee!
You feel sick. The killer bee stings you.
You are more poisoned.
The killer bee poisons you!
You punch the killer bee! You freeze the killer bee.
You kill the killer bee!
The killer bee stings you.
You punch the killer bee! You freeze the killer bee.
You kill the killer bee!
You feel sick. The killer bee stings you.
* * * LOW HITPOINT WARNING * * *
You barely miss the killer bee. The killer bee stings you!
* * * LOW HITPOINT WARNING * * *
The killer bee stings you.
* * * LOW HITPOINT WARNING * * *
You closely miss the killer bee.
You die...

###########
#.........# #
#.$.......#####....
..
#........yyY.....#
..$
#.........######.#
.H.# #.........#
o... #.........# ..
#.........# .
#.........# .[.#
######..## ## ....
##. . .. .. ..## #.
###.#.# ....


You could see 2 killer bees.

Vanquished Creatures
  The ghost of pib the Magician, a novice DEFE (D:6)
  Grinder (D:6)
  A hornet (D:7)
  Menkaure (D:6)
  An orc warrior (D:7)
  An ice beast (D:7)
  3 sky beasts
  A black bear (D:6)
  2 centaurs
  A phantom (D:6)
  6 ogres
  2 bullfrogs
  2 scorpions
  4 killer bees (D:8)
  2 crimson imps
  A centaur skeleton (D:6)
  4 hounds
  2 jellies
  5 orc priests
  4 orc wizards
  2 iguanas (D:7)
  9 worker ants
  A hound skeleton (D:6)
  A howler monkey zombie (D:6)
  14 adders
  6 gnolls
  2 oozes
  2 adder skeletons
  5 worms
  4 dart slugs
  5 leopard geckos
  25 orcs
  6 bats
  3 giant cockroaches
  8 goblins
  8 hobgoblins
  5 jackals (D:3)
  9 kobolds
  3 quokkas
  4 frilled lizards
  A leopard gecko skeleton (D:4)
  8 rats
176 creatures vanquished.

Notes
Turn   | Place    | Note
-------+----------+-------------------------------------------
     0 | D:1      | miragecloak the Octopode Transmuter began the quest for the Orb.
     0 | D:1      | Reached XP level 1. HP: 13/13 MP: 3/3
    37 | D:1      | Reached XP level 2. HP: 18/18 MP: 3/5
    99 | D:1      | Found a sparkling altar of Nemelex Xobeh.
   667 | D:2      | Reached XP level 3. HP: 13/23 MP: 4/6
   672 | D:2      | Learned a level 3 spell: Spider Form
  1167 | D:2      | Reached skill level 1 in Poison Magic
  1223 | D:2      | Reached XP level 4. HP: 28/28 MP: 1/7
  2316 | D:2      | Found a bloodstained altar of Trog.
  2817 | D:3      | Found a faded altar of an unknown god.
  2968 | D:3      | Reached XP level 5. HP: 33/33 MP: 4/8
  3416 | D:4      | Reached skill level 4 in Unarmed Combat
  3429 | D:4      | Reached XP level 6. HP: 22/38 MP: 2/9
  3706 | D:4      | Reached skill level 5 in Unarmed Combat
  3787 | D:4      | Found a sacrificial altar of Ru.
  3787 | D:4      | Found an opulent altar of Gozag.
  3787 | D:4      | Found a shadowy altar of Dithmenos.
  3856 | D:4      | Reached skill level 6 in Unarmed Combat
  3856 | D:4      | Reached XP level 7. HP: 38/43 MP: 7/10
  4164 | D:4      | Found an iron altar of Okawaru.
  4436 | D:4      | Found a glowing golden altar of the Shining One.
  4554 | D:5      | Entered Level 5 of the Dungeon
  4786 | D:5      | Reached skill level 7 in Unarmed Combat
  4816 | D:5      | HP: 2/43 [poisoned by an adder]
  5245 | D:5      | Found a shattered altar of Ashenzari.
  5252 | D:5      | Became a worshipper of Ashenzari the Shackled
  5661 | D:5      | Reached XP level 8. HP: 42/48 MP: 7/11
  5674 | D:5      | Reached skill level 8 in Unarmed Combat
  5860 | D:5      | Found a staircase to the Ecumenical Temple.
  5879 | Temple   | Entered the Ecumenical Temple
  6266 | D:5      | Reached skill level 9 in Unarmed Combat
  6464 | D:5      | Learned a level 4 spell: Ice Form
  6507 | D:6      | Noticed Grinder
  6527 | D:6      | Killed Grinder
  6815 | D:6      | Found a snail-covered altar of Cheibriados.
  6844 | D:6      | Gained mutation: Your spells are a little harder to cast, but a little more powerful. [mutagenic meat]
  6845 | D:6      | Gained mutation: Your magical capacity is low. (-10% MP) [mutagenic meat]
  6846 | D:6      | Lost mutation: Your magical capacity is low. (-10% MP) [mutagenic meat]
  6847 | D:6      | Gained mutation: You are partially covered in molten scales. (AC +2) [mutagenic meat]
  7018 | D:6      | Reached skill level 1 in Ice Magic
  7074 | D:6      | Reached XP level 9. HP: 50/57 MP: 8/12
  7165 | D:6      | Noticed Menkaure
  7177 | D:6      | Killed Menkaure
  7178 | D:6      | Noticed pib's ghost (novice DEFE)
  7531 | D:6      | Killed pib's ghost
  7775 | D:6      | You fall through a shaft for 3 floors!
  8087 | D:7      | Found a burning altar of Makhleb.
  8206 | D:7      | Reached skill level 5 in Spellcasting
  8206 | D:7      | Reached skill level 5 in Transmutations
  8474 | D:7      | Reached * piety under Ashenzari
  8571 | D:7      | Gained mutation: You are occasionally teleported next to monsters. [mutagenic meat]
  8641 | D:7      | Lost mutation: Your spells are a little harder to cast, but a little more powerful. [mutagenic meat]
  8642 | D:7      | Gained mutation: Your muscles are strong. (Str +2) [mutagenic meat]
  8643 | D:7      | Gained mutation: You are frail. (-10% HP) [mutagenic meat]
  8645 | D:7      | Gained mutation: Your mind is acute. (Int +2) [mutagenic meat]
  8755 | D:7      | Noticed a hornet
  8758 | D:7      | Paralysed by a hornet for 3 turns
  8761 | D:7      | Killed a hornet
  9142 | D:7      | Found a blossoming altar of Fedhas.
  9151 | D:7      | Found a white marble altar of Elyvilon.
  9182 | D:7      | Reached XP level 10. HP: 56/56 MP: 14/17
  9439 | D:8      | HP: 1/67 [killer bee (5)]
  9440 | D:8      | Succumbed to a killer bee's poison

Skill      XL: |  1  2  3  4  5  6  7  8  9 |
---------------+----------------------------+-----
Transmutations | 3 4 7 |  7.9
Poison Magic   | 1 3 |  3.3
Unarmed Combat | 4 6 7 9 |  9.0
Fighting       | 3 |  3.2
Dodging        | 4 |  4.2
Ice Magic      | 1 3 |  3.0
Spellcasting   | 5 |  5.0

Action                   |  1- 3 |  4- 6 |  7- 9 | 10-12 || total
-------------------------+-------+-------+-------+-------++-------
Melee: Unarmed           |    70 |   153 |   251 |    20 ||   494
       Constrict         |    17 |     7 |     8 |       ||    32
       Kick              |     9 |       |       |       ||     9
       Tentacles         |     9 |     7 |     6 |       ||    22
       Punch             |     3 |       |       |       ||     3
 Cast: Beastly Appendage |    11 |       |       |       ||    11
       Spider Form       |     4 |    31 |    59 |       ||    94
       Ice Form          |       |       |       |     3 ||     3
Invok: Curse Item        |       |       |     3 |       ||     3
  Use: Scroll            |       |       |     8 |       ||     8
       Potion            |       |       |     2 |       ||     2
 Stab: Sleeping          |     6 |     2 |     6 |       ||    14
  Eat: Chunk             |     1 |     9 |    27 |     1 ||    38
       Bread ration      |       |     1 |     1 |       ||     2
       Fruit             |       |       |     2 |       ||     2
Armor: Skin              |    10 |     8 |     9 |     1 ||    28
Dodge: Dodged            |    52 |   129 |   195 |    18 ||   394
